 Dungeon Crawl Stone Soup version 0.31-a0-819-gf6de2f5ab6 (webtiles) character file.

Game seed: 4414038577503922123

175 qw the Shooter (level 5, -6/32 HPs)
             Began as a Gargoyle Hunter on Sept 23, 2023.
             Mangled by Edmund
             ... wielding a +2 flail of protection
              (8 damage)
             ... on level 4 of the Dungeon.
             The game lasted 00:01:05 (2038 turns).

qw the Shooter (Gargoyle Hunter)                    Turns: 2038, Time: 00:01:06

Health: -6/32      AC: 15    Str: 15    XL:     5   Next: 55%
Magic:  5/5        EV: 11    Int:  9    God:
Gold:   155        SH:  0    Dex: 15    Spells: 4/4 levels left

rFire   . . .        Y - +0 shortbow (freeze)
rCold   . . .        (shield currently unavailable)
rNeg    + . .        b - +3 ring mail
rPois   inf          k - +0 helmet
rElec   +            (no cloak)
rCorr   .            (no gloves)
SInv    .            (no boots)
Will    +....        (no amulet)
Stlth   +            (no ring)
HPRegen 0.25/turn    (no ring)
MPRegen 0.09/turn

%: no passive effects
@: no status effects
A: sickness immunity, AC +4, negative energy resistance 1, electricity
resistance, torment resistance 1, petrification resistance, iridescent scales 1,
strong-willed 1
a: no special abilities


You were on level 4 of the Dungeon.
You visited 1 branch of the dungeon, and saw 4 of its levels.

You collected 203 gold pieces.
You spent 48 gold pieces at shops.


Innate Abilities, Weirdness & Mutations

You are immune to sickness and miasma.
Your stone body is resilient. (AC +4)
You are immune to poison.
You resist negative energy. (rN+)
You are resistant to electric shocks. (rElec)
You are resistant to unholy torment.
You are immune to petrification.
You are partially covered in iridescent scales. (AC +2)
You are strong-willed. (Will+)


   Skills:
 + Level 3.0 Fighting
 - Level 6.2 Ranged Weapons
 - Level 1.0 Armour
 - Level 1.5 Dodging
 - Level 1.1 Stealth


You had 4 spell levels left.
You didn't know any spells.
Your spell library was empty.

Inventory:

Hand Weapons
 Y - a +0 shortbow of freezing (weapon)
Armour
 b - a +3 ring mail (worn)
 k - a +0 helmet (worn)
Scrolls
 a - a scroll of teleportation {unknown}
 g - a scroll of identify
Potions
 i - a potion of resistance
 j - a potion of curing

Dungeon Overview and Level Annotations

Branches:
Dungeon (4/15)
 Temple: D:4-7

Altars:
Elyvilon

Shops:
D:1 [

Annotations:
D:4 Edmund


Message History

Edmund is heavily wounded.
Edmund hits you with a +2 flail of protection!
You shoot an arrow.
The arrow hits Edmund but does no damage.
Edmund is heavily wounded.
Edmund hits you but does no damage. Edmund barely misses you.
You shoot an arrow.
The arrow hits Edmund but does no damage.
Edmund is heavily wounded.
Edmund hits you but does no damage.
You shoot an arrow.
The arrow hits Edmund but does no damage.
Edmund is heavily wounded.
Edmund hits you with a +2 flail of protection.
You shoot an arrow. The arrow barely misses Edmund.
Edmund hits you with a +2 flail of protection.
You shoot an arrow.
The arrow hits Edmund but does no damage.
Edmund is heavily wounded.
Edmund closely misses you.
You shoot an arrow. The arrow closely misses Edmund.
Edmund hits you but does no damage. Edmund misses you.
You shoot an arrow. The arrow barely misses Edmund.
Edmund hits you with a +2 flail of protection!
You shoot an arrow. The arrow barely misses Edmund.
Edmund barely misses you.
You shoot an arrow.
The arrow hits Edmund but does no damage.
Edmund is heavily wounded.
Edmund hits you with a +2 flail of protection.
You shoot an arrow. The arrow hits Edmund.
The arrow freezes Edmund.
Edmund is heavily wounded.
Edmund hits you with a +2 flail of protection.
You shoot an arrow.
The arrow hits Edmund but does no damage.
Edmund is heavily wounded.
Edmund hits you with a +2 flail of protection.
Edmund hits you with a +2 flail of protection!
You die...
Edmund says, "That'll show my brother!"

#.....'.......##......
#.....#...............
#.....#...............
#.....#...............
#.....#.......##......
###.....##########......
........# #######
........# .......@#
^......@# .........
.......... ........[..
............
.............
..............


You could see Edmund.

Vanquished Creatures
  An orc priest (D:3)
  A jelly (D:4)
  3 adders
  2 worms
  5 orcs (D:3)
  3 endoplasms (D:2)
  8 goblins
  7 hobgoblins
  8 jackals
  7 kobolds
  3 quokkas
  6 ball pythons
  11 bats
  5 frilled lizards
  5 rats
75 creatures vanquished.

Notes
Turn   | Place    | Note
-------+----------+-------------------------------------------
     0 | D:1      | qw the Gargoyle Hunter began the quest for the Orb.
     0 | D:1      | Reached XP level 1. HP: 12/12 MP: 1/1
     0 | D:1      | 0 ||| qw: Version: 0.3-a-83-gcd0e7d8
     0 | D:1      | 0 ||| qw: Game counter: 1611
     0 | D:1      | 0 ||| qw: Melee chars always use a shield: true
     0 | D:1      | 0 ||| qw: God list: Okawaru
     0 | D:1      | 0 ||| qw: Allow faded altars: false
     0 | D:1      | 0 ||| qw: Do Orc after clearing Dungeon:15 true
     0 | D:1      | 0 ||| qw: Do second Lair branch before Depths: true
     0 | D:1      | 0 ||| qw: Lair rune preference: random
     0 | D:1      | 0 ||| qw: Goals: Normal
     0 | D:1      | 0 ||| PLANNING D:1-11
   142 | D:1      | Reached XP level 2. HP: 16/17 MP: 2/2
   411 | D:1      | Reached XP level 3. HP: 17/21 MP: 3/3
   588 | D:1      | Found Agoka's Armour Emporium.
   595 | D:1      | 595 ||| UPGRADING to +0 helmet.
   600 | D:1      | 600 ||| READING scroll labelled VAAROE JATRE.
   601 | D:1      | 601 ||| READING scroll labelled HEUB VOWEEM.
   602 | D:1      | 602 ||| READING 2 scrolls labelled QAIFRO CUTHUSOT.
   603 | D:1      | 603 ||| READING scroll of brand weapon.
   603 | D:1      | 603 ||| BRANDING +0 shortbow of flaming.
   604 | D:1      | 604 ||| READING 2 scrolls labelled PEUSEG ULEN.
   605 | D:1      | 605 ||| READING scroll labelled KUDATO OLOACW.
   606 | D:1      | 606 ||| DRINKING 2 bubbling inky potions.
   607 | D:1      | 607 ||| DROPPING scroll of butterflies.
   652 | D:1      | Reached skill level 5 in Ranged Weapons
   683 | D:1      | 683 ||| SHOPLISTING +0 leather armour of Benevolence {rF-
                  | rN++ Will+} (217 gold, have 73).
   683 | D:1      | 683 ||| BUYING +0 ring mail (48 gold).
   683 | D:1      | Bought a +0 ring mail for 48 gold pieces
   739 | D:1      | 739 ||| UPGRADING to +0 ring mail.
   749 | D:1      | 749 ||| DROPPING +0 leather armour.
   816 | D:2      | Reached skill level 1 in Armour
  1154 | D:2      | Reached skill level 3 in Fighting
  1154 | D:2      | Reached XP level 4. HP: 28/28 MP: 4/4
  1266 | D:2      | 1266 ||| UPGRADING to +3 ring mail.
  1276 | D:2      | 1276 ||| DROPPING +0 ring mail.
  1277 | D:2      | 1277 ||| READING 3 scrolls of identify.
  1277 | D:2      | 1277 ||| IDENTIFYING clear potion
  1416 | D:3      | Reached XP level 5. HP: 32/32 MP: 5/5
  1423 | D:3      | Found a white marble altar of Elyvilon.
  1901 | D:3      | 1901 ||| DRINKING 2 dark potions.
  1901 | D:3      | Gained mutation: You have hidden genetic potential. [potion
                  | of mutation]
  1901 | D:3      | Gained mutation: You are occasionally teleported next to
                  | monsters. [potion of mutation]
  1901 | D:3      | Gained mutation: Your spells are a little easier to cast,
                  | but a little less powerful. [potion of mutation]
  1901 | D:3      | Gained mutation: You are strong-willed. (Will+) [potion of
                  | mutation]
  1902 | D:3      | 1902 ||| DRINKING potion of mutation.
  1902 | D:3      | Lost mutation: You have hidden genetic potential. [potion
                  | of mutation]
  1902 | D:3      | Lost mutation: You are occasionally teleported next to
                  | monsters. [potion of mutation]
  1902 | D:3      | Lost mutation: Your spells are a little easier to cast, but
                  | a little less powerful. [potion of mutation]
  1902 | D:3      | Gained mutation: You are partially covered in iridescent
                  | scales. (AC +2) [potion of mutation]
  1903 | D:3      | 1903 ||| READING 3 scrolls of identify.
  1903 | D:3      | 1903 ||| IDENTIFYING glowing pink potion
  1904 | D:3      | 1904 ||| READING 2 scrolls of identify.
  1904 | D:3      | 1904 ||| IDENTIFYING bubbling brown potion
  1905 | D:3      | 1905 ||| DROPPING potion of attraction.
  1906 | D:3      | 1906 ||| DROPPING potion of degeneration.
  1943 | D:4      | Reached skill level 6 in Ranged Weapons
  2022 | D:4      | Noticed Edmund
  2034 | D:4      | HP: 7/32 [Edmund/+2 flail of protection (10)]
  2037 | D:4      | HP: 2/32 [Edmund/+2 flail of protection (5)]
  2038 | D:4      | Mangled by Edmund

Levels and vault maps discovered:
D:1:      pf_arrival_petrified_forest, layout_loops_ring, serial_shops,
          nicolae_shop_tiny_glass
D:2:      layout_basic, st_stairs_8
D:3:      layout_loops_ring, overflow_temple_1_default,
          amcnicky_mini_rare_corridor_liquid, roderic_batcave
D:4:      layout_gridville, nicolae_goblin_pals, uniq_edmund, uniq_grinder

Skill      XL: |  1  2  3  4  5 |
---------------+----------------+-----
Ranged Weapons | 5 6 |  6.2
Armour         | 1 |  1.0
Fighting       | 3 |  3.0
Dodging        | |  1.5
Stealth        | |  1.1

Action                     |  1- 3 |  4- 6 || total
---------------------------+-------+-------++-------
   Fire: Shortbow          |   140 |   119 ||   259
    Use: Scroll            |     6 |     3 ||     9
         Potion            |     1 |     2 ||     3
 Armour: Leather armour    |    23 |       ||    23
         Ring mail         |    24 |    70 ||    94
  Dodge: Dodged            |    54 |    54 ||   108

Table legend:
 A = Non-vault XP
 B = Vault XP
 C = Vault XP percentage of total XP
 D = Non-vault monster count
 E = Vault monster count
 F = Vault count percentage of total count
                 A         B        C        D         E       F
            +---------+---------+-------+---------+---------+-------
      Total |     234 |      16 |   6.4 |      65 |      10 |  13.3
            +---------+---------+-------+---------+---------+-------
        D:1 |      40 |       0 |   0.0 |      24 |       0 |   0.0
        D:2 |      43 |       3 |   6.5 |      17 |       2 |  10.5
        D:3 |     105 |      13 |  11.0 |      20 |       8 |  28.6
        D:4 |      46 |       0 |   0.0 |       4 |       0 |   0.0
            +---------+---------+-------+---------+---------+-------
